 Seeded DCSS version 0.29.1 (webtiles) character file.

Game seed: 9708579739092153053 (custom seed)

18 GigaChad the Conjurer (level 2, 15/15 HPs)
             Began as a Deep Elf Conjurer on Sept 14, 2022.
             Got out of the dungeon alive.
             The game lasted 00:02:32 (824 turns).

GigaChad the Conjurer (Deep Elf Conjurer)            Turns: 824, Time: 00:02:32

Health: 15/15      AC:  2    Str:  4    XL:     2   Next: 51%
Magic:  8/8        EV: 12    Int: 22    God:
Gold:   12         SH:  0    Dex: 13    Spells: 6/7 levels left

rFire   . . .      SeeInvis .   (no weapon)
rCold   . . .      Faith    .   (no shield)
rNeg    . . .      Spirit   .   a - +0 robe
rPois   .          Reflect  .   (no helmet)
rElec   .          Harm     .   (no cloak)
rCorr   .          Rampage  .   (no gloves)
Will    .....                   (no boots)
Stlth   ++........              (no amulet)
HPRegen 0.05/turn               (no ring)
MPRegen 0.11/turn               (no ring)

@: no status effects
A: no striking features
a: no special abilities


You escaped.
You visited 1 branch of the dungeon, and saw 1 of its levels.

You collected 12 gold pieces.

Inventory:

Armour
 a - a +0 robe (worn)
Scrolls
 c - a scroll of blinking {unknown}
 d - a scroll of teleportation {unknown}
 e - a scroll of butterflies {unknown}
 f - a scroll of identify {unknown}
Potions
 b - a potion of magic


   Skills:
 - Level 2.4 Dodging
 - Level 2.4 Stealth
 * Level 3.3 Spellcasting
 - Level 5.0 Conjurations


You had 6 spell levels left.
You knew the following spells:

 Your Spells              Type           Power      Damage    Failure   Level
a - Magic Dart            Conj           100%       1d8       1%          1

Your spell library contained the following spells:

 Spells                   Type           Power      Damage    Failure   Level
 Searing Ray              Conj           50%        2d6       2%          2
 Dazzling Flash           Conj/Hex       28%        N/A       13%         3
 Fulminant Prism          Conj/Hex       7%         3d7       38%         4
 Iskenderun's Mystic Bla  Conj/Tloc      14%        2d5       38%         4


Dungeon Overview and Level Annotations

Branches:
Dungeon (1/15)

Altars:


Message History

Things that are here:
a +0 club; a goblin corpse
e - a scroll labelled ZIOS NITAVI You open the door.
There is an open door here.
You enter the shallow water.
Moving in this stuff is going to be slow.
There is an open door here.
Found a stone staircase leading down.
A ball python comes into view.
Found a stone staircase leading down.
The magic dart hits the ball python!
You kill the ball python!
There is a stone staircase leading down here.
Found a scroll labelled VAUGUBE COOBIPS.
f - a scroll labelled VAUGUBE COOBIPS A hobgoblin comes into view.
Found 6 gold pieces.
Found a robe.
The hobgoblin shouts!
The hobgoblin hits you.
The magic dart hits the hobgoblin.
The hobgoblin is almost dead.
The hobgoblin hits you.
The magic dart hits the hobgoblin.
You kill the hobgoblin!
You now have 12 gold pieces (gained 6).
Welcome back, GigaChad the Deep Elf Conjurer.
Game seed: 9708579739092153053 (custom seed) Press ? for a list of commands and other information.
You aren't carrying any pieces of jewellery.
There is a stone staircase leading down here.
You enter the shallow water.
Moving in this stuff is going to be slow.
HP restored.
There is an escape hatch in the floor here.
There is a staircase leading out of the dungeon here.
You can't go down here!
Are you sure you want to leave the Dungeon?
This will make you lose the game!
You have escaped!

#.##.# ###.### #.##.#
#.....# ###.##.###.###.#
....##.....# ...
..####..##.# #.# #.#
#..################## #.#
#..#...#..........#.#
#.####.##.#.#.########.#.#
......###.#.#...@....#.#.#
#.####.##.#.########.#.#.#
# #.#
##.#.#..........#...# ...
#.#
#.#.##############.#..#
..# #....................#
#.# ########.#.#.#########
#.# #....#.#.#.......# #.#
#.##.#.#.#.#####.# ..#
#.#..#.#.#.#


There were no monsters in sight!

Vanquished Creatures
  A ball python (D:1)
  A bat (D:1)
  2 giant cockroaches (D:1)
  2 goblins (D:1)
  3 hobgoblins (D:1)
  4 jackals (D:1)
  A rat (D:1)
14 creatures vanquished.

Notes
Turn   | Place    | Note
-------+----------+-------------------------------------------
     0 | D:1      | GigaChad the Deep Elf Conjurer began the quest for the Orb.
     0 | D:1      | Reached XP level 1. HP: 10/10 MP: 6/6
   322 | D:1      | Reached XP level 2. HP: 15/15 MP: 4/8
   324 | D:1      | Found a faded altar of an unknown god.
   344 | D:1      | Reached skill level 5 in Conjurations
   824 | D:$      | Got out of the dungeon alive.

Illustrated notes

Levels and vault maps discovered:
D:1:      matt_arrival_spirals, layout_loops_ring,
          chequers_ecumenical_altar_island, chequers_serial_rivers_room_b,
          minmay_misc_feat_nine_boxes

Skill      XL: |  1  2 |
---------------+-------+-----
Conjurations   | 5 |  5.0
Dodging        | |  2.4
Stealth        | |  2.4
Spellcasting   | |  3.3

Action                   || total
-------------------------++-------
Melee: Unarmed           ||     1
 Cast: Magic Dart        ||    22
Armor: Robe              ||     2
Dodge: Dodged            ||     5
